 Dungeon Crawl Stone Soup version 0.32-a0-571-gec57dfcd37 (webtiles) character file.

Game seed: 6464831236136265091

4 cforsyth the Grave Robber (level 1, -1/15 HPs)
             Began as a Mountain Dwarf Necromancer on Mar 1, 2024.
             Frozen to death by an endoplasm (5 damage)
             ... on level 1 of the Dungeon.
             The game lasted 00:00:32 (143 turns).

cforsyth the Grave Robber (MDNe)                     Turns: 143, Time: 00:00:32

Health: -1/15      AC:  2    Str: 10    XL:     1   Next: 58%
Magic:  1/3        EV: 11    Int: 15    God:
Gold:   0          SH:  0    Dex: 10    Spells: 2/3 levels left

rFire   . . .        (no weapon)
rCold   . . .        (no shield)
rNeg    . . .        a - +0 robe
rPois   .            (no helmet)
rElec   .            (no cloak)
rCorr   .            (no gloves)
SInv    .            (no boots)
Will    .....        (no amulet)
Stlth   ++           (no ring)
HPRegen 0.22/turn    (no ring)
MPRegen 0.08/turn

%: no passive effects
@: no status effects
A: runic magic, artefact enchanting
a: no special abilities


You were on level 1 of the Dungeon.
You visited 1 branch of the dungeon, and saw 1 of its levels.


Innate Abilities, Weirdness & Mutations

Your spellcasting is much less encumbered by armour.
You can use scrolls of enchantment on lesser artefacts.


   Skills:
 + Level 0.8 Fighting
 - Level 1.3 Dodging
 - Level 1.4 Stealth
 - Level 1.7 Spellcasting
 + Level 4.5 Necromancy


You had 2 spell levels left.
You knew the following spells:

 Your Spells              Type           Power      Damage    Failure   Level
X - Necrotise             Necr           56%        1d6       3%          1

Your spell library contained the following spells:

 Spells                   Type           Power      Damage    Failure   Level
 Vampiric Draining        Necr           14%        2d7       11%         3
 Animate Dead             Necr           14%        N/A       34%         4
 Curse of Agony           Necr           14%        N/A       69%         5

Inventory:

Armour
 a - a +0 robe (worn)
Scrolls
 c - a scroll of blinking {unknown}
Potions
 b - a potion of magic

Dungeon Overview and Level Annotations

Branches:
Dungeon (1/15)

Altars:

....###..####.##
..............#
..#.###..####..#
#.. ...#..##.....
##...##.#.........#
...........#..##..#
.....##.##.#..##..#
..##.....J.Z......#
#.....@)g...#.##
#......)......#
#.#....(......#
#.#.#.........# #
#....$....#.#
#.#......##.#
#.#...>... # .
......... #
##...######


You could see an endoplasm, a hobgoblin (ally target) and a friendly kobold
skeleton.


Message History

a +0 whip; 2 stones The hobgoblin barely misses your kobold skeleton.
Your kobold skeleton hits the hobgoblin but does no damage.
Unknown command.
The endoplasm jiggles.
Your kobold skeleton closely misses the hobgoblin.
The hobgoblin barely misses your kobold skeleton.
You hit the endoplasm but do no damage.
The endoplasm hits you but does no damage.
Your kobold skeleton barely misses the hobgoblin.
The hobgoblin completely misses your kobold skeleton.
Your kobold skeleton closely misses the hobgoblin.
Unknown command.
You hit the endoplasm.
The endoplasm is heavily wounded.
The endoplasm closely misses you.
The hobgoblin hits your kobold skeleton.
Your kobold skeleton misses the hobgoblin.
Your kobold skeleton hits the hobgoblin but does no damage.
You hit the endoplasm but do no damage.
The endoplasm is heavily wounded.
The endoplasm barely misses you.
The hobgoblin hits your kobold skeleton.
Your kobold skeleton is destroyed!
Your kobold skeleton hits the hobgoblin.
You hit the endoplasm but do no damage.
The endoplasm is heavily wounded.
The endoplasm freezes you.
You are frozen.
You die...

Action                     || total
---------------------------++-------
  Melee: Unarmed           ||     8
   Cast: Necrotise         ||     8
 Armour: Robe              ||     7
  Dodge: Dodged            ||     4

Levels and vault maps discovered:
D:1:      dpeg_arrival_shrine, layout_basic, serial_shops,
          nicolae_shop_tiny_waterfront

Notes
Turn   | Place    | Note
-------+----------+-------------------------------------------
     0 | D:1      | cforsyth the Mountain Dwarf Necromancer began the quest for
                  | the Orb.
     0 | D:1      | Reached XP level 1. HP: 14/14 MP: 3/3
   143 | D:1      | Frozen to death by an endoplasm

Vanquished Creatures
  A giant cockroach (D:1)
  A hobgoblin (D:1)
  A frilled lizard (D:1)
  2 kobolds (D:1)
5 creatures vanquished.

Table legend: (Time is in decaauts)
 A = Elapsed time spent in this place.
 B = Non-inter-level travel time spent in this place.
 C = Inter-level travel time spent in this place.
 D = Time resting spent in this place.
 E = Time spent auto-exploring this place.
 F = Levels seen in this place.
 G = Mean time per level.
                   A        B        C        D        E       F      G
               +--------+--------+--------+--------+--------+-----+--------+
         Total |    143 |    143 |      0 |      0 |     99 |   1 |  143.0 |
       Dungeon |    143 |    143 |      0 |      0 |     99 |   1 |  143.0 |
               +--------+--------+--------+--------+--------+-----+--------+

Top non-repeatable levels by time:
     D:1: 143 daAuts

Table legend:
 A = Non-vault XP
 B = Vault XP
 C = Vault XP percentage of total XP
 D = Non-vault monster count
 E = Vault monster count
 F = Vault count percentage of total count
                 A         B        C        D         E       F
            +---------+---------+-------+---------+---------+-------
      Total |       7 |       0 |   0.0 |       5 |       0 |   0.0
            +---------+---------+-------+---------+---------+-------
        D:1 |       7 |       0 |   0.0 |       5 |       0 |   0.0
            +---------+---------+-------+---------+---------+-------
